 Dungeon Crawl Stone Soup version 0.30.1-3-gfc49f6343a (webtiles) character file.

Game seed: 280648691309646074

53 zeram the Ducker (level 3, -4/19 HPs)
             Began as a Spriggan Fighter on July 28, 2023.
             Slain by an orc
             ... wielding a +2 whip of electrocution
              (9 damage)
             ... on level 2 of the Dungeon.
             The game lasted 00:02:33 (1637 turns).

zeram the Ducker (Spriggan Fighter)                 Turns: 1637, Time: 00:02:33

Health: -4/19      AC:  2    Str: 12    XL:     3   Next: 62%
Magic:  4/4        EV: 18    Int: 11    God:
Gold:   135        SH:  4    Dex: 14    Spells: 2/2 levels left

rFire   . . .        a - +0 rapier
rCold   . . .        c - +0 buckler
rNeg    . . .        b - +0 robe
rPois   .            (helmet restricted)
rElec   .            (no cloak)
rCorr   .            (gloves unavailable)
SInv    +            (boots unavailable)
Will    .....        (no amulet)
Stlth   +            (no ring)
HPRegen 0.23/turn    (no ring)
MPRegen 0.09/turn

%: no passive effects
@: very quick
A: very small, no large weapons, unfitting armour, see invisible, speed 3
a: no special abilities


You were on level 2 of the Dungeon.
You visited 1 branch of the dungeon, and saw 3 of its levels.

You collected 135 gold pieces.

Inventory:

Hand Weapons
 a - a +0 rapier (weapon)
Armour
 b - a +0 robe (worn)
 c - a +0 buckler (worn)
Jewellery
 l - an amulet of faith
Wands
 k - a wand of roots (6)
Scrolls
 i - 2 scrolls of fear
Potions
 d - a potion of might
 e - a potion of berserk rage {unknown}
 f - 2 potions of curing
 g - a potion of haste {unknown}
 h - a potion of ambrosia {unknown}
 j - a potion of brilliance {unknown}
 m - a potion of heal wounds {unknown}


   Skills:
 + Level 2.7 Fighting
 + Level 3.3 Short Blades
 + Level 4.5 Dodging
 + Level 0.5 Stealth
 + Level 2.4 Shields


You had 2 spell levels left.
You didn't know any spells.
Your spell library was empty.

Dungeon Overview and Level Annotations

Branches:
Dungeon (3/15)

Altars:


Innate Abilities, Weirdness & Mutations

You are very small and have problems with some larger weapons.
You are too small for most types of armour.
You have supernaturally acute eyesight. (SInv)
You cover ground extremely quickly. (Speed+++)


Message History

Done exploring.
No target in view!
Key pressed, stopping explore.
No target in view!
Okay, then.
Done exploring.
Done exploring.
Done exploring.
(D) Dungeon
Where to? (Enter - D:2, ? - help)
You see here a +0 club.
There is a stone staircase leading down here.
You climb downwards.
Found a faded altar of an unknown god.
There is a stone staircase leading up here. 2 orcs and 2 orc priests come into view.
An orc is wielding a +2 whip of electrocution.
The orc priest shouts!
The orc shouts!
The orc priest shouts!
The orc shouts!
There are monsters nearby!
There are monsters nearby!
There are monsters nearby!
There are monsters nearby!
An orc comes into view. It is wielding a +0 dagger.
There is a stone staircase leading up here.
The orc closely misses you.
You climb upwards.
There is a stone staircase leading down here.
You hit the orc.
The orc is heavily wounded.
The orc hits you with a +2 whip of electrocution.
The orc hits you with a +0 dagger.
You barely miss the orc.
The orc is heavily wounded.
You block the orc's attack. x2
You barely miss the orc.
The orc is heavily wounded.
The orc hits you with a +2 whip of electrocution!
* * * LOW HITPOINT WARNING * * *
You are electrocuted!
You die...

###.#<#.....## #.......#
###.#.#......## #.......#
....#..))...#.###.#....##
##..###...).#..#.......#
#..........#.#...#.##.#
##.##.#######.......##.#
...#.#.## ####.......#
....###.# #o#######
####.#.#########@#
##)###.......o# #.#
#.#####..# #.###.#####..#
#............#
#####.#####.## #.#####.#
#.......# #########


You could see 2 orcs.

Vanquished Creatures
  An adder (D:2)
  A worm (D:2)
  A dart slug (D:1)
  9 endoplasms
  5 goblins
  3 hobgoblins
  3 kobolds
  2 quokkas
  3 ball pythons
  3 bats (D:2)
  3 frilled lizards
  A rat (D:2)
35 creatures vanquished.

Notes
Turn   | Place    | Note
-------+----------+-------------------------------------------
     0 | D:1      | zeram the Spriggan Fighter began the quest for the Orb.
     0 | D:1      | Reached XP level 1. HP: 11/11 MP: 2/2
   309 | D:1      | Reached XP level 2. HP: 10/16 MP: 3/3
  1084 | D:2      | Reached XP level 3. HP: 11/19 MP: 4/4
  1621 | D:3      | Found a faded altar of an unknown god.
  1637 | D:2      | Slain by an orc

Illustrated notes

Levels and vault maps discovered:
D:1:      dpeg_arrival_windows_large_door, layout_basic, minmay_misc_feat_room
D:2:      layout_loops_cross
D:3:      layout_loops_ring, doesnt_xom_only_xom, basic_ecumenical_altar,
          hangedman_decor_growths

Skill      XL: |  1  2  3 |
---------------+----------+-----
Short Blades   | 3 |  3.3
Fighting       | |  2.7
Dodging        | |  4.5
Stealth        | |  0.5
Shields        | |  2.4

Action                     || total
---------------------------++-------
  Melee: Rapier            ||   133
    Use: Scroll            ||     6
   Stab: Sleeping          ||     2
 Armour: Robe              ||    12
  Dodge: Dodged            ||    96
  Block: Buckler           ||    20
